 Dungeon Crawl Stone Soup version 0.27.1-16-g815e20cd7a (webtiles) character file.

Game seed: 17520504802537970954

83 DenSaoPin the Chopper (level 4, -5/39 HPs)
             Began as a Hill Orc Monk on Nov 22, 2021.
             Slain by a gnoll (9 damage)
             ... on level 3 of the Dungeon.
             The game lasted 00:05:32 (2668 turns).

DenSaoPin the Chopper (Hill Orc Monk)               Turns: 2668, Time: 00:05:33

Health: -5/39      AC:  6    Str: 14    XL:     4   Next: 44%
Magic:  4/4        EV:  9    Int: 16    God:
Gold:   103        SH:  0    Dex: 13    Spells: 3/3 levels left

rFire    . . .     SeeInvis .   a - +0 hand axe
rCold    . . .     Faith    .   (no shield)
rNeg     . . .     Spirit   .   m - +0 scale mail
rPois    .         Reflect  .   (no helmet)
rElec    .         Harm     .   (no cloak)
rCorr    .         Rampage  .   (no gloves)
Will     .....                  (no boots)
Stlth    ..........             (no amulet)
HPRegen  0.13/turn              j - +6 ring of intelligence
MPRegen  0.09/turn              (no ring)

@: no status effects
A: no striking features
a: no special abilities


You were on level 3 of the Dungeon.
You visited 1 branch of the dungeon, and saw 3 of its levels.

You collected 103 gold pieces.

Inventory:

Hand Weapons
 a - a +0 hand axe (weapon)
Armour
 b - a +0 robe
 d - a +0 ring mail
 m - a +0 scale mail (worn)
Jewellery
 j - a +6 ring of intelligence (left hand)
Scrolls
 c - a scroll of fog {unknown}
 f - 2 scrolls of blinking {unknown}
 g - a scroll of holy word {unknown}
 i - 4 scrolls of identify {unknown}
 o - a scroll of amnesia {unknown}
 p - a scroll of magic mapping {unknown}
 q - 2 scrolls of teleportation {unknown}
 r - a scroll of acquirement {unknown}
Potions
 e - a potion of cancellation {unknown}
 h - a potion of brilliance {unknown}
 k - a potion of lignification {unknown}
 l - a potion of ambrosia {unknown}
 n - a potion of curing {unknown}


   Skills:
 - Level 3.6 Fighting
 + Level 6.8 Axes
 - Level 2.4 Dodging
 - Level 1.5 Stealth


You had 3 spell levels left.
You didn't know any spells.
Your spell library was empty.

Dungeon Overview and Level Annotations

Branches:
Dungeon (3/15)

Altars:
Kikubaaqudgha


Message History

The gnoll is almost dead.
The gnoll hits you with a +0 flail.
You barely miss the gnoll.
The gnoll is almost dead.
The gnoll hits you with a +0 flail!
You barely miss the gnoll.
The gnoll is almost dead.
The gnoll hits you but does no damage.
You hit the gnoll.
You kill the gnoll!
Things that are here:
a +0 flail; a +0 whip; a gnoll corpse HP restored.
Done exploring.
There is a stone staircase leading down, spattered with blood here.
You climb downwards.
The gnoll hits you with a +0 flail. x2
There is a stone staircase leading up here.
You hit the gnoll.
The gnoll is lightly wounded.
The gnoll hits you with a +0 flail!
You hit the gnoll.
The gnoll is lightly wounded.
The gnoll hits you with a +0 flail.
You hit the gnoll.
The gnoll is moderately wounded.
The gnoll closely misses you.
You hit the gnoll.
The gnoll is severely wounded.
The gnoll hits you with a +0 flail!
You hit the gnoll.
The gnoll is almost dead.
The gnoll hits you with a +0 flail!
* * * LOW HITPOINT WARNING * * *
You closely miss the gnoll.
The gnoll is almost dead.
The gnoll misses you.
You barely miss the gnoll.
The gnoll is almost dead.
The gnoll hits you with a +0 flail!
You die...

..................##.#..........#
..................#..).......####
........##.......................
......##....................#####
......##.#..................# #
......#......##...#.........# #
.........###......#.......... #
......### ###...g.........# #
......# ##.@..........# #
...(..##### ##....##.......# #
..........####.....##.......# #
........g.g..............>..#####
......#######..................##
.....#### ##.##................
........######.##...........#.###
.g...##..#....................+
.....#.....###.#####......###.###


You could see a gnoll.

Vanquished Creatures
  2 gnolls (D:2)
  4 dart slugs
  An orc (D:3)
  5 ball pythons
  5 endoplasms
  2 giant cockroaches (D:1)
  4 goblins
  A hobgoblin (D:1)
  6 jackals (D:2)
  4 kobolds
  A quokka (D:1)
  7 bats
  4 frilled lizards
  5 rats (D:1)
51 creatures vanquished.

Vanquished Creatures (others)
  3 plants (D:2)
3 creatures vanquished.

Grand Total: 54 creatures vanquished

Notes
Turn   | Place    | Note
-------+----------+-------------------------------------------
     0 | D:1      | DenSaoPin the Hill Orc Monk began the quest for the Orb.
     0 | D:1      | Reached XP level 1. HP: 19/19 MP: 1/1
   157 | D:1      | Reached XP level 2. HP: 22/26 MP: 2/2
   299 | D:1      | Reached skill level 5 in Axes
   759 | D:1      | Reached XP level 3. HP: 25/31 MP: 3/3
  1426 | D:2      | Found an ancient bone altar of Kikubaaqudgha.
  1561 | D:2      | Reached skill level 6 in Axes
  2031 | D:2      | Found a faded altar of an unknown god.
  2250 | D:3      | Reached XP level 4. HP: 37/39 MP: 4/4
  2668 | D:3      | Slain by a gnoll

Illustrated notes

Levels and vault maps discovered:
D:1:      onia_arrival_handbag, layout_loops_ring
D:2:      layout_rooms, basic_altar, dilly_ecumenical_altar_fadedgnrine
D:3:      layout_rooms, mainiacjoe_overflow_surrounded_room,
          minmay_fractal_squares_gapless_5

Skill      XL: |  1  2  3 |
---------------+----------+-----
Axes           | 5 6 |  6.8
Fighting       | |  3.6
Dodging        | |  2.4
Stealth        | |  1.5

Action                   |  1- 3 |  4- 6 || total
-------------------------+-------+-------++-------
Melee: Hand axe          |   177 |    31 ||   208
 Stab: Sleeping          |     2 |       ||     2
Armor: Robe              |     4 |       ||     4
       Ring mail         |    42 |       ||    42
       Scale mail        |    20 |    10 ||    30
Dodge: Dodged            |    84 |    16 ||   100
